[Event "*** Titled Tuesday Blitz"]
[Site "Chess.com"]
[Date "2021.03.02"]
[Round "8"]
[White "hellokostya"]
[Black "Alex-11211"]
[Result "0-1"]
[WhiteElo "2542"]
[BlackElo "2383"]
[TimeControl "180+1"]
[EndTime "11:29:55 PST"]
[Termination "Alex-11211 won by resignation"]

1. d4 Nf6 2. c4 c5 3. d5 g6 4. Nc3 Bg7 5. e4 O-O 6. Nge2 d6 7. Ng3 e6 8. Be2 exd5 9. cxd5 Re8 10. O-O Nbd7 11. a4 a6 12. Bf4 Ne5 13. Qd2 Bd7 14. h3 b5 15. axb5 axb5 16. Bxb5 Bxb5 17. Nxb5 Rb8 18. Bxe5 Rxb5 19. Bxf6 Qxf6 20. b3 Qxa1 21. Rxa1 Bxa1 22. Qd3 Reb8 23. Nf1 Rxb3 24. Qa6 Be5 25. g3 R3b6 26. Qa4 Rb4 27. Qa6 c4 28. f4 Bd4+ 29.
Kg2 Rb2+ 30. Kh1 c3 31. Qc4 R8b4 32. Qc8+ Kg7 33. e5 dxe5 34. d6 Rb1 35. Kg2 R4b2+ 36. Kf3 Rxf1+ 37. Ke4 Re1+ 38. Kd5 Rd2 39. d7 c2 40. fxe5 Bxe5+ 41. Kc6 c1=Q+ 42. Kb7 Rb2+ 0-1

[Event "*** Titled Tuesday Blitz"]
[Site "Chess.com"]
[Date "2021.03.02"]
[Round "8"]
[White "IngOscarArdila"]
[Black "indfraeng"]
[Result "0-1"]
[WhiteElo "2244"]
[BlackElo "2400"]
[TimeControl "180+1"]
[EndTime "11:29:55 PST"]
[Termination "indfraeng won by resignation"]

1. d4 d5 2. c4 c6 3. Nc3 Nf6 4. Bf4 e6 5. Nf3 Bd6 6. Bg5 h6 7. Bh4 O-O 8. e3 Nbd7 9. c5 Bc7 10. Bd3 e5 11. dxe5 Nxe5 12. Nxe5 Bxe5 13. h3 d4 14. exd4 Qxd4 15. Bxf6 Bxf6 16. O-O Qxc5 17. Ne4 Qe5 18. Nxf6+ Qxf6 19. Qc2 Be6 20. a3 Rad8 21. Rad1 Rd4 22. Be4 Rfd8 23. Rfe1 Qf4 24. Rxd4 Rxd4 25. Bf3 Qd6 26.
Qc3 Rd3 27. Qc2 Qd4 28. Rd1 Rxd1+ 29. Bxd1 Bd5 30. Kf1 Qe5 31. Kg1 Qg5 32. f3 Qe3+ 33. Qf2 Qc1 34. Qc2 Qf4 35. Qf2 a6 36. Bc2 Qc1+ 37.
Kh2 Qf4+ 38. Kg1 g6 39. Bd3 Qe5 40. Qe2 Qd4+ 41. Kh2 Be6 42. Be4 Bc4 43. Qc2 b5 44. g4 c5 45. Bxg6 Qd6+ 46. f4 Qxf4+ 47. Kg1 Qg3+ 48.
Kh1 Bd5+ 49. Be4 Qxh3+ 50. Kg1 Qe3+ 51. Qf2 Qxf2+ 52. Kxf2 Bxe4 0-1

[Event "*** Titled Tuesday Blitz"]
[Site "Chess.com"]
[Date "2021.03.02"]
[Round "8"]
[White "Genghis_K"]
[Black "GM_Crest"]
[Result "0-1"]
[WhiteElo "2910"]
[BlackElo "2788"]
[TimeControl "180+1"]
[EndTime "11:29:56 PST"]
[Termination "GM_Crest won by resignation"]

1. e4 e6 2. d4 d5 3. Nd2 Be7 4. Ngf3 Nf6 5. e5 Nfd7 6. Bd3 c5 7. c3 Nc6 8. O-O a5 9. a4 cxd4 10. cxd4 Nb4 11. Be2 b6 12. Nb1 Ba6 13. Nc3 Bxe2 14. Qxe2 Nb8 15. Bf4 N8c6 16. Nb5 O-O 17. Rac1 Rc8 18.
Rc3 Qd7 19. Rfc1 Na2 20. Rb1 Nxc3 21. bxc3 Na7 22. Nd6 Rxc3 23. Rxb6 Qxa4 24. h4 Nc6 25. Rb7 Nxd4 26. Nxd4 Qxd4 27. Nb5 Qxf4 28. Nxc3 Bb4 29. g3 Qc1+ 30. Nd1 Qc6 31. Ra7 Ra8 32. Rxa8+ Qxa8 33. Qb5 g6 34. Nb2 Qa7 35. Nd3 Qd4 36. Qb8+ Bf8 37. Nf4 a4 38. Qa8 a3 39. Qa6 Qxe5 40.
Kg2 Qe4+ 41. Kh2 Qd4 42. Kg2 Bc5 43. Nd3 Kg7 44. h5 gxh5 45. Nf4 Qxf2+ 46. Kh3 Qf3 47. Kh2 Bf2 48. Ne2 d4 49. Qb5 Kh6 50. Qe5 d3 51. Ng1 Bxg3+ 52. Qxg3 Qxg3+ 53. Kxg3 d2 0-1

[Event "*** Titled Tuesday Blitz"]
[Site "Chess.com"]
[Date "2021.03.02"]
[Round "8"]
[White "atwalcb"]
[Black "anon219"]
[Result "0-1"]
[WhiteElo "2567"]
[BlackElo "2855"]
[TimeControl "180+1"]
[EndTime "11:29:56 PST"]
[Termination "anon219 won by resignation"]

1. d4 d5 2. Nf3 Nf6 3. c4 e6 4.
g3 dxc4 5. Bg2 a6 6. Ne5 Bb4+ 7. Bd2 Qxd4 8. Bxb4 Qxe5 9. Bc3 Qc5 10. O-O O-O 11.
Bxf6 gxf6 12. Qc2 Nc6 13. a4 Nd4 14. Qd1 e5 15. e3 Nb3 16. Ra3 Bf5 17. e4 Bg6 18. h4 Rad8 19. Qg4 h5 20. Qf3 Rd3 21. Qe2 Rfd8 22. Re1 Nd4 23. Qf1 Nc2 24. Rxd3 Rxd3 25. Rc1 Nb4 26. Na3 b5 27. axb5 axb5 28. Qe2 Rxg3 29. Nxc4 bxc4 30. Rxc4 Qb6 31. Kh2 Rg4 32. Kh3 Nc6 33. f3 Rf4 34. Qc2 Nd4 35. Qc3 Ne2 36. Qe1 Qe3 37. Kh2 Rxh4+ 38. Qxh4 Qg1+ 39. Kh3 Nf4+ 40. Qxf4 exf4 41. Rxc7 Qe1 42. Kh2 h4 43. Rc8+ Kg7 0-1

[Event "*** Titled Tuesday Blitz"]
[Site "Chess.com"]
[Date "2021.03.02"]
[Round "8"]
[White "PavelShkapenko"]
[Black "Rondo_Capriccioso"]
[Result "0-1"]
[WhiteElo "2660"]
[BlackElo "2476"]
[TimeControl "180+1"]
[EndTime "11:29:56 PST"]
[Termination "Rondo_Capriccioso won by resignation"]

1. e4 c5 2. c3 d5 3. exd5 Qxd5 4. Nf3 Nf6 5. d4 cxd4 6. cxd4 e6 7. Be2 Bb4+ 8. Nc3 O-O 9. O-O Qd8 10. Ne5 Nc6 11.
Be3 Nd5 12. Nxd5 exd5 13. Rc1 Nxe5 14. dxe5 Be6 15. Bd4 Qa5 16. Bd3 Rfc8 17. f4 Rxc1 18. Qxc1 Rc8 19. Qb1 Bc5 20. Bxc5 Qxc5+ 21. Kh1 g6 22. f5 gxf5 23. Bxf5 Qe3 24. Bxh7+ Kg7 25. Bf5 Qxe5 26. Bxe6 fxe6 27. Qd1 Rc4 28. Qf3 Rc7 29. Qf8+ Kh7 30. h3 Rg7 31. Qb4 Qg5 32. Rf2 Qc1+ 33. Kh2 Qc7+ 34. Kg1 Qc1+ 35. Rf1 Qg5 36. Rf2 e5 37.
Qc5 e4 38. Qc2 Qg3 39. Qe2 Qxh3 40. Rf5 Qxf5 0-1

[Event "*** Titled Tuesday Blitz"]
[Site "Chess.com"]
[Date "2021.03.02"]
[Round "8"]
[White "swisspower96"]
[Black "IriBu"]
[Result "1-0"]
[WhiteElo "2679"]
[BlackElo "2550"]
[TimeControl "180+1"]
[EndTime "11:29:57 PST"]
[Termination "swisspower96 won by resignation"]

1. d4 Nf6 2. c4 e6 3. Nf3 Bb4+ 4.
Nbd2 b6 5. a3 Bxd2+ 6. Qxd2 Bb7 7. e3 O-O 8. Be2 Ne4 9. Qc2 d6 10. O-O a5 11. b3 Nd7 12. Bb2 f5 13. Nd2 Nxd2 14. Qxd2 Rf6 15. d5 Rg6 16. f3 Qg5 17. Rf2 e5 18. f4 exf4 19. exf4 Qh4 20. Bd3 Rf8 21. Re1 Nc5 22. Bc2 Bc8 23. b4 axb4 24.
axb4 Ne4 25. Bxe4 fxe4 26. Rxe4 Rh6 27. g3 Qh3 28. Re7 Rg6 29. Qe3 Qh5 30. Rxc7 Bh3 31. Qe2 Bg4 32. Qe1 Bh3 33. Re7 h6 34. Qe2 Bg4 35. Qe3 Bh3 36. Qf3 Qf5 37. Qe4 Qh5 38.
Bd4 Qd1+ 39. Qe1 Qxd4 40. Re4 Qf6 41. Qe3 Ra8 42. Re2 Ra1+ 43. Re1 Rxe1+ 44. Qxe1 Qb2 45. Re2 Qxb4 46. Qxb4 1-0

[Event "*** Titled Tuesday Blitz"]
[Site "Chess.com"]
[Date "2021.03.02"]
[Round "8"]
[White "Rap_woyska"]
[Black "Bigfish1995"]
[Result "0-1"]
[WhiteElo "2591"]
[BlackElo "3113"]
[TimeControl "180+1"]
[EndTime "11:29:58 PST"]
[Termination "Bigfish1995 won by resignation"]

1. c4 e5 2. Nc3 Nc6 3. Nf3 f5 4. d4 e4 5. Ng5 Nf6 6. Nh3 Bb4 7. e3 d5 8. Bd2 Bxc3 9. bxc3 Be6 10.
Nf4 Bf7 11. cxd5 Nxd5 12. Nxd5 Qxd5 13. c4 Qd6 14. Be2 O-O 15. g3 Rad8 16. Qa4 Qh6 17. h4 Bh5 18. Qd1 Bxe2 19. Qxe2 Qf6 20. Bc3 Ne7 21. Qb2 b6 22. h5 h6 23. Ke2 Qf7 24. Qb3 Kh7 25. a4 c6 26. Rab1 Rb8 27. Bd2 Rfd8 28. Qc2 Kh8 29. a5 b5 30. cxb5 cxb5 31. Bb4 Nd5 32. Bc5 b4 33. Rbc1 b3 34. Qb2 Qd7 35.
Kf1 Qb5+ 36. Kg2 Qxa5 37. Ra1 Qb5 38. Rxa7 Ra8 39. Rha1 Rxa7 40. Rxa7 Kh7 41. Ra3 Rb8 42. Bd6 Rb7 43. Be5 Qc4 44. Ra8 Qc2 45. Qa3 Nxe3+ 46. Kg1 Qd1+ 47. Kh2 Qxh5+ 48. Kg1 Qd1+ 49. Kh2 Ng4+ 50. Kg2 Qf3+ 0-1

[Event "*** Titled Tuesday Blitz"]
[Site "Chess.com"]
[Date "2021.03.02"]
[Round "8"]
[White "TeukkaSalama"]
[Black "Aradhya2000"]
[Result "0-1"]
[WhiteElo "2384"]
[BlackElo "2522"]
[TimeControl "180+1"]
[EndTime "11:29:58 PST"]
[Termination "Aradhya2000 won on time"]

1. d4 d5 2. Bf4 Nf6 3. e3 c5 4. c3 Nc6 5. Nd2 Bf5 6. Ngf3 Qb6 7.
Nh4 Be4 8. dxc5 Qxc5 9. Qb3 Qb6 10. Qxb6 axb6 11. Nxe4 dxe4 12. Bb5 e6 13. g3 O-O-O 14.
Bxc6 bxc6 15. Bg5 Be7 16. Bxf6 Bxf6 17. Ng2 h5 18. h4 Kc7 19. Ke2 Rd5 20. Rhd1 Rb5 21.
Rd2 Ra8 22. a3 g6 23. Rad1 Rd8 24. Nf4 e5 25. Ng2 Rbd5 26. Ne1 Be7 27. b4 f5 28. Nc2 b5 29. Na1 f4 30. exf4 exf4 31. Nb3 Bf6 32. Rxd5 Rxd5 33. Rxd5 cxd5 34. Kd2 fxg3 35. fxg3 Be5 36.
Nd4 Bxg3 37. Nxb5+ Kb6 38. a4 Bxh4 39. Nd4 Bf6 40. a5+ Ka6 41. Nc6 h4 42. Nb8+ Kb5 43.
a6 Bg5+ 44. Kc2 Kb6 45. b5 Be3 46. Nc6 h3 47. a7 Kb7 48. Nd8+ Kxa7 49. Nc6+ Kb6 0-1

[Event "*** Titled Tuesday Blitz"]
[Site "Chess.com"]
[Date "2021.03.02"]
[Round "8"]
[White "K_A_S_T_O_R"]
[Black "AlexPapasimakopoulos"]
[Result "0-1"]
[WhiteElo "2757"]
[BlackElo "2609"]
[TimeControl "180+1"]
[EndTime "11:29:59 PST"]
[Termination "AlexPapasimakopoulos won by resignation"]

1. e4 e6 2. d4 d5 3. Nc3 Nf6 4. e5 Nfd7 5. Nce2 c5 6. c3 b6 7. f4 Ba6 8. Nf3 Nc6 9. a3 Be7 10.
f5 exf5 11. Nf4 Bxf1 12. Rxf1 cxd4 13. cxd4 Nf8 14. Qb3 Ne6 15. Nxd5 Ncxd4 16. Nxd4 Nxd4 17. Qa4+ Qd7 18. Qxd4 Rd8 19. Be3 Qxd5 20. Qxd5 Rxd5 21. Rxf5 Bc5 22. Bxc5 Rxc5 23. b4 Rc6 24. Ke2 Ke7 25. Raf1 Rf8 26. R1f3 Rc2+ 27. Kf1 Ke6 28. Rg5 Rd8 29.
Kg1 Rd1+ 30. Rf1 Rxf1+ 31. Kxf1 g6 32. Rg3 Kxe5 33. Re3+ Kd6 34. Rd3+ Kc6 35. Rd8 Ra2 36.
Rf8 f5 37. Rf7 Rxa3 38. Rxh7 Kb5 39. Rg7 Kxb4 40. Rxg6 b5 41. Rf6 a5 42. Rxf5 Ra1+ 43.
Kf2 a4 44. Rf8 a3 45. Ra8 Kc3 46. h4 b4 47. h5 a2 48. h6 b3 49. g4 Rh1 50. g5 b2 0-1

[Event "*** Titled Tuesday Blitz"]
[Site "Chess.com"]
[Date "2021.03.02"]
[Round "8"]
[White "profofchess"]
[Black "cstevens1"]
[Result "0-1"]
[WhiteElo "2472"]
[BlackElo "2625"]
[TimeControl "180+1"]
[EndTime "11:30:00 PST"]
[Termination "cstevens1 won by resignation"]

1. e4 c5 2. Nf3 e6 3. c3 Nf6 4. Bd3 Nc6 5. Bc2 e5 6. d4 cxd4 7. cxd4 Bb4+ 8. Nc3 exd4 9. Nxd4 O-O 10. O-O d5 11. exd5 Bxc3 12. bxc3 Nxd4 13. Qxd4 Qxd5 14.
Qxd5 Nxd5 15. Bb3 Nxc3 16. Bb2 Ne2+ 17. Kh1 Be6 18. Bxe6 fxe6 19. Rae1 Nf4 20. g3 Nd3 21. Re2 Nxb2 22. Rxb2 b6 23. Re1 Kf7 24. Rbe2 Rfe8 25. Rc1 Rac8 26. Rec2 Rxc2 27. Rxc2 Re7 28. Kg2 Rd7 29.
Kf3 g5 30. Ke3 Kf6 31. g4 h6 32. f3 Rd5 33. a3 Ra5 34. Rc3 Ra4 35. h3 b5 36. Rb3 a6 37. Rd3 Ke5 38. Rc3 Kd6 39.
Rd3+ Kc5 40. Rc3+ Rc4 41. Rd3 a5 42. Rd8 Rc3+ 43. Ke4 Rxa3 44. Rc8+ Kb4 45. Re8 Ra1 46. Ke5 a4 47. Ra8 a3 48. Kxe6 a2 49. Kf5 Kb3 50. f4 Rf1 51. Kg6 gxf4 52. Kxh6 a1=Q 53. Rxa1 Rxa1 54. g5 f3 55. g6 f2 0-1

[Event "*** Titled Tuesday Blitz"]
[Site "Chess.com"]
[Date "2021.03.02"]
[Round "8"]
[White "Homyakova_Elena"]
[Black "SanchezKelvin"]
[Result "0-1"]
[WhiteElo "2294"]
[BlackElo "2435"]
[TimeControl "180+1"]
[EndTime "11:30:00 PST"]
[Termination "SanchezKelvin won on time"]

1. e4 c5 2. Nf3 d6 3. d4 cxd4 4. Nxd4 Nf6 5. Nc3 g6 6. Be3 Bg7 7. f3 O-O 8. Qd2 Nc6 9. O-O-O Nxd4 10. Bxd4 Be6 11. h4 Qa5 12. Kb1 Rfc8 13. Bxf6 Rxc3 14.
Qxc3 Qxa2+ 15. Kc1 Bxf6 16. Qa3 Qxa3 17. bxa3 Rc8 18. Kd2 Rc3 19. a4 Ra3 20. Bb5 a6 21.
Bd3 Rxa4 22. Rb1 b5 23. h5 g5 24. h6 Be5 25. Ke3 f6 26. Kf2 b4 27. g3 a5 28. Kg2 Ra2 29. Rhf1 b3 30. Rf2 Bd4 31. Re2 b2 32. f4 gxf4 33. gxf4 Ra1 34. c3 Rxb1 35.
Bxb1 Bxc3 36. Rc2 Bd4 37. Rc7 Kf7 38. f5 Bb3 39. Rb7 a4 40. Rb4 Be3 41. Kf3 Bxh6 42. Kg4 Bd2 43. Rb7 Bd1+ 44. Kg3 a3 45. Ba2+ Kg7 46. Rxe7+ Kh6 47. Kh4 Be1+ 48. Kh3 Bc2 49. Kg4 b1=Q 50. Bxb1 Bxb1 51. Re6 Bc3 0-1

[Event "*** Titled Tuesday Blitz"]
[Site "Chess.com"]
[Date "2021.03.02"]
[Round "8"]
[White "WonderChampion"]
[Black "publicaccountcze"]
[Result "1/2-1/2"]
[WhiteElo "2084"]
[BlackElo "2201"]
[TimeControl "180+1"]
[EndTime "11:30:00 PST"]
[Termination "Game drawn by agreement"]

1. d4 d5 2. Nf3 e6 3. e3 c5 4. Bb5+ Nc6 5. Ne5 Bd7 6. Nxd7 Qxd7 7. dxc5 a6 8. Bxc6 Qxc6 9. O-O Bxc5 10. Nc3 Nf6 11.
Bd2 O-O 12. Re1 Bd6 13. f3 Rac8 14. Ne2 Qxc2 15. Qxc2 Rxc2 16. Bc3 Rc8 17. Nd4 R2xc3 18. bxc3 Rxc3 19. Rac1 Rxc1 20. Rxc1 Kf8 21. Kf2 Ke7 22. g3 Nd7 23. Nb3 Ne5 24. Ke2 Nc6 25. Nd4 Nxd4+ 26. exd4 Kd7 27. Rb1 Kc6 28. Kd3 b5 29. Rc1+ Kb7 30.
Rb1 Kb6 31. Rc1 Bc7 32. f4 a5 33. Rb1 Bd6 34. a4 b4 35. Kc2 Be7 36. Kb3 Bf6 37.
Rd1 Kc6 38. Rc1+ Kb7 39. Rd1 g6 40. g4 Bg7 41. h4 h5 42. g5 Bh8 43. Rd2 1/2-1/2

[Event "*** Titled Tuesday Blitz"]
[Site "Chess.com"]
[Date "2021.03.02"]
[Round "8"]
[White "alexrustemov"]
[Black "MatyChess1"]
[Result "0-1"]
[WhiteElo "2713"]
[BlackElo "2615"]
[TimeControl "180+1"]
[EndTime "11:30:01 PST"]
[Termination "MatyChess1 won by resignation"]

1. d4 Nf6 2. c4 e6 3. Nf3 d5 4.
Nc3 Bb4 5. Bg5 dxc4 6. e4 b5 7.
e5 h6 8. exf6 hxg5 9. fxg7 Rg8 10.
Be2 Rxg7 11. O-O Nd7 12. Nxb5 Nb6 13. Ne5 Ba6 14. Nc3 f6 15. Bh5+ Kf8 16. Nc6 Qd6 17. Nxb4 Qxb4 18. Qf3 Qe7 19. Ne4 Nd5 20. Nc5 Bc8 21.
Rfe1 Rb8 22. b3 c3 23. Bg4 Rb6 24. Rac1 Qf7 25. Bh5 Qe7 26. Bg4 Qf7 27. Qg3 Kg8 28. Bf3 Nf4 29. Rxc3 Rd6 30. Rd1 Qg6 31. h3 Re7 32. Be4 f5 33. Bc2 Ne2+ 34. Kh2 Nxg3 35. Rxg3 e5 36. Re1 Rxd4 37. Nd3 Qf6 38. f3 Kf8 39. h4 Rxh4+ 40. Kg1 f4 0-1

[Event "*** Titled Tuesday Blitz"]
[Site "Chess.com"]
[Date "2021.03.02"]
[Round "8"]
[White "ljuks68"]
[Black "Berardino"]
[Result "1-0"]
[WhiteElo "2460"]
[BlackElo "2556"]
[TimeControl "180+1"]
[EndTime "11:30:01 PST"]
[Termination "ljuks68 won by resignation"]

1. e4 c5 2. Nf3 b6 3. d4 cxd4 4.
Nxd4 Bb7 5. Nc3 Nf6 6. Bg5 Nc6 7. Qd2 Rc8 8. O-O-O Nxd4 9. Qxd4 Qc7 10. Bd3 h6 11. Bxf6 gxf6 12. Nd5 Qc5 13. Qa4 Bc6 14. Qxa7 e6 15.
Nc7+ Kd8 16. Na6 Qxf2 17. Kb1 Bd6 18. Rhf1 Qe3 19. Rfe1 Qf2 20. Re2 Qd4 21. c3 Qe5 22. Qxb6+ Ke7 23. Qd4 Bb7 24. Bb5 Rhd8 25. Red2 Qxd4 26.
Rxd4 Bxa6 27. Bxa6 Rc6 28. Bb5 Rb6 29. a4 Bxh2 30.
Rxd7+ Rxd7 31. Rxd7+ Kf8 32. c4 Bg1 33. a5 Rb8 34. a6 Ra8 35. b4 Bf2 36. c5 Be1 37. a7 Bxb4 38. Bc6 Ke8 39. Bxa8 Kxd7 40. Bb7 1-0

[Event "*** Titled Tuesday Blitz"]
[Site "Chess.com"]
[Date "2021.03.02"]
[Round "8"]
[White "Msb2"]
[Black "Goryachkina"]
[Result "1-0"]
[WhiteElo "2897"]
[BlackElo "2695"]
[TimeControl "180+1"]
[EndTime "11:30:02 PST"]
[Termination "Msb2 won on time"]

1. d4 Nf6 2. Nf3 d5 3. e3 Bf5 4.
c4 c6 5. Nc3 e6 6. Nh4 Bg6 7.
Bd2 Nbd7 8. Nxg6 hxg6 9. g3 Bd6 10. Bg2 dxc4 11. Qe2 e5 12. Qxc4 Nb6 13. Qd3 exd4 14. Qxd4 Qe7 15. Qd3 Rd8 16. Qe2 O-O 17. O-O Be5 18.
Rad1 Qe6 19. b3 Rd7 20. Rc1 Rfd8 21. Rfd1 g5 22. Be1 g4 23. Rxd7 Rxd7 24. Rd1 Nbd5 25. Na4 b6 26. Qa6 g6 27. Qc8+ Kg7 28. Rc1 c5 29. Qa6 Ne7 30. Qe2 Ned5 31. a3 Nh7 32. b4 cxb4 33. axb4 Ng5 34. Rc4 Nf3+ 35. Bxf3 gxf3 36.
Qxf3 b5 37. Nc5 Qd6 38. Nxd7 bxc4 39. Nxe5 Qxe5 40. e4 c3 41. Qd3 Kh7 42. Qxd5 1-0

[Event "*** Titled Tuesday Blitz"]
[Site "Chess.com"]
[Date "2021.03.02"]
[Round "8"]
[White "MarcLonoff"]
[Black "Hangar-18"]
[Result "0-1"]
[WhiteElo "2137"]
[BlackElo "2376"]
[TimeControl "180+1"]
[EndTime "11:30:02 PST"]
[Termination "Hangar-18 won on time"]

1. c4 e5 2. Nc3 Nf6 3. g3 d5 4. cxd5 Nxd5 5. Bg2 Nb6 6. e3 Be7 7. Nge2 O-O 8. O-O Nc6 9. f4 Be6 10. fxe5 Nxe5 11. d4 Ng4 12. h3 Nf6 13. e4 c6 14. e5 Nfd5 15. Ne4 h6 16. Nf4 Nxf4 17. Bxf4 Qd7 18. Kh2 Nd5 19. Nc5 Bxc5 20. dxc5 Rad8 21. Qh5 Nxf4 22. Rxf4 Qd2 23. b4 Qb2 24. Rd1 Rxd1 25. Qxd1 Qxe5 26. Qd2 Qc7 27. Rd4 Re8 28. a4 a6 29. Rd6 Qe7 30. Qd4 Bb3 31. b5 axb5 32. axb5 Qe2 33. bxc6 bxc6 34. Rd8 Rxd8 35. Qxd8+ Kh7 36.
Qd4 Bd5 37. Qg1 Qc2 38. Kh1 Bxg2+ 39. Qxg2 Qxc5 40. Qe4+ g6 41. Qe8 Kg7 42. Kg2 Qd5+ 43. Kh2 c5 44. Qe3 Qd4 0-1

[Event "*** Titled Tuesday Blitz"]
[Site "Chess.com"]
[Date "2021.03.02"]
[Round "8"]
[White "NaciSAN"]
[Black "BanjoKazooieN64"]
[Result "0-1"]
[WhiteElo "2298"]
[BlackElo "2526"]
[TimeControl "180+1"]
[EndTime "11:30:02 PST"]
[Termination "BanjoKazooieN64 won on time"]

1. e4 e5 2. Nf3 Nf6 3. Nxe5 Nc6 4.
Nxc6 dxc6 5. Nc3 Bc5 6. Be2 h5 7. h3 Qd4 8. O-O Ng4 9. hxg4 hxg4 10. g3 Qe5 11. Kg2 Bxf2 12. Rxf2 Qh5 13. Rf5 Qh2+ 14.
Kf1 Qxg3 15. Bf3 Bxf5 16. Bg2 Rh2 17. Qe2 Be6 18. Qf2 Qd6 19. Ne2 Rh6 20. Qg3 Qc5 21. d4 Qxc2 22. Bxh6 Bc4 23. Re1 gxh6 24. Qxc7 Rd8 25. Qe5+ Be6 26. d5 Qc5 27. Nf4 Ke7 28.
Nd3 Qc4 29. Re3 Rg8 30. dxe6 fxe6 31. Kf2 Rf8+ 32. Kg3 h5 33. Nf4 Rf6 34. Qg5 Qd4 35.
Ng6+ Kf7 0-1

[Event "*** Titled Tuesday Blitz"]
[Site "Chess.com"]
[Date "2021.03.02"]
[Round "8"]
[White "tk22h"]
[Black "digilik"]
[Result "1-0"]
[WhiteElo "2362"]
[BlackElo "2247"]
[TimeControl "180+1"]
[EndTime "11:30:02 PST"]
[Termination "tk22h won on time"]

1. c4 Nf6 2. Nc3 g6 3. e4 d6 4. d4 Bg7 5. f3 O-O 6. Be3 c5 7.
dxc5 dxc5 8. Qxd8 Rxd8 9. Bxc5 Nc6 10. Nd5 e6 11. Ne7+ Nxe7 12. Bxe7 Rd7 13. Ba3 b6 14. Ne2 Ba6 15. Nc3 Rc8 16. Rd1 Rxd1+ 17.
Kxd1 Bxc4 18. Bxc4 Rxc4 19. Kc2 h5 20. Rd1 h4 21.
Kb3 Rc8 22. h3 Bf8 23. Bxf8 Kxf8 24. e5 Nh5 25. Rd4 Rc5 26. Rxh4 Rxe5 27. Rc4 Kg7 28. Rc7 Ra5 29. Ne4 Nf4 30. Nd6 Nxg2 31. Nxf7 Kf6 32. Nd6 g5 33. Rf7+ Kg6 34. Re7 Nf4 35. a4 Rd5 36. Nc4 Rd3+ 37. Kc2 Rxf3 38. Ne5+ Kf6 39. Nxf3 Kxe7 40. Nxg5 Kf6 41. h4 Ng2 42. Nf3 Kf5 43.
Kd3 Kf4 44. Ke2 Kg4 45. Nd4 e5 46. Nc6 Kf4 47. Nxa7 Nxh4 48. Nc8 e4 49. Nxb6 Nf5 50. Nc4 Nd4+ 51. Kd2 Nf3+ 52. Kc3 1-0

[Event "*** Titled Tuesday Blitz"]
[Site "Chess.com"]
[Date "2021.03.02"]
[Round "8"]
[White "arminmusovic"]
[Black "organdzievhren"]
[Result "0-1"]
[WhiteElo "2537"]
[BlackElo "2451"]
[TimeControl "180+1"]
[EndTime "11:30:03 PST"]
[Termination "organdzievhren won by resignation"]

1. a3 d5 2. Nc3 Bf5 3. d3 e6 4. h3 Nf6 5. g4 Bg6 6. Bg2 c6 7. f4 h5 8. g5 Ng8 9. e4 Bc5 10. Nf3 Ne7 11. Ne5 Nd7 12. Nxg6 Nxg6 13.
Qe2 Qe7 14. Bd2 Nh4 15. O-O-O Nxg2 16. Qxg2 O-O-O 17. Kb1 Nb6 18. h4 Bxa3 19. bxa3 Qxa3 20. Na2 Qa4 21. Bc3 d4 22. Bd2 c5 23. f5 Rd6 24. g6 Nc4 25. dxc4 Ra6 26. Ba5 Qxa5 27. c3 dxc3 28. gxf7 Rb6+ 29. Ka1 Rb2 30. Qxb2 cxb2+ 31. Kxb2 Rf8 32. Rd6 exf5 33. e5 Rxf7 34. Rhd1 Re7 35.
e6 a6 36. R1d5 Kb8 37. Rxf5 Qc7 38. Rfd5 Re8 39. Nc3 Qa5 40. Kc2 Ka7 41. Ne4 Qa4+ 42. Kd3 Qd1+ 43. Ke3 Qc1+ 44. Ke2 Qxc4+ 45. Ke3 Rxe6 46.
Rxe6 Qxd5 47. Rd6 Qe5 48. Rd7 a5 49. Kd3 a4 50. Rf7 a3 51. Rf2 Qd4+ 0-1

[Event "*** Titled Tuesday Blitz"]
[Site "Chess.com"]
[Date "2021.03.02"]
[Round "8"]
[White "Mihnea2017"]
[Black "DamianoLew95"]
[Result "1-0"]
[WhiteElo "2460"]
[BlackElo "2570"]
[TimeControl "180+1"]
[EndTime "11:30:03 PST"]
[Termination "Mihnea2017 won on time"]

1. e4 c5 2. Nf3 Nc6 3. d4 cxd4 4.
Nxd4 d5 5. Bb5 dxe4 6. Nxc6 Qxd1+ 7. Kxd1 a6 8. Nd4+ axb5 9. Nxb5 Bg4+ 10. Ke1 O-O-O 11.
N1c3 e5 12. Be3 f5 13. h3 Bh5 14. g4 fxg4 15. Nxe4 gxh3 16. Rxh3 Bg6 17. Ng5 Nf6 18. Bb6 Bb4+ 19. c3 Rd5 20. Na7+ Kb8 21. cxb4 Rd6 22. Bc5 Rd7 23. Nb5 Rhd8 24. Ne6 Rd3 25. Rxd3 Rxd3 26.
Rd1 Kc8 27. Rxd3 Bxd3 28. Nd6+ Kd7 29. Nf8+ Kc6 30. Nf7 Kd5 31. Kd2 Bc4 32. b3 Bb5 33. a4 Be8 34. Nd8 h5 35. Ke3 h4 36. a5 h3 37. Kf3 Ne4 38. Nfe6 Bh5+ 39. Ke3 1-0

[Event "*** Titled Tuesday Blitz"]
[Site "Chess.com"]
[Date "2021.03.02"]
[Round "8"]
[White "UmarovSabir"]
[Black "KarateBaby"]
[Result "0-1"]
[WhiteElo "2291"]
[BlackElo "2216"]
[TimeControl "180+1"]
[EndTime "11:30:04 PST"]
[Termination "KarateBaby won by checkmate"]

1. e4 g6 2. d4 Bg7 3. Nc3 d6 4. Be3 a6 5. h4 h6 6. a4 Nc6 7. Qd2 e5 8. d5 Nd4 9. Nge2 Nxe2 10.
Bxe2 Ne7 11. f3 f5 12. exf5 Nxf5 13. Bf2 O-O 14. Ne4 Nd4 15. Bd3 Bf5 16. h5 g5 17. Nc3 Bxd3 18. Qxd3 e4 19. Nxe4 Nf5 20. c3 Qd7 21. O-O Rae8 22. g4 Nh4 23. Bxh4 gxh4 24.
Rae1 Be5 25. Kg2 Kh8 26. Kh3 Rf4 27. Kxh4 Rg8 28. Rg1 Qf7 29. Re3 b5 30. axb5 axb5 31. Nf2 Rf8 32. Nh3 Rxf3 33. Rxf3 Qxf3 34. Qxf3 Rxf3 35.
Rg2 b4 36. cxb4 Rb3 37. Rc2 Rd3 38. Rxc7 Bg3# 0-1

[Event "*** Titled Tuesday Blitz"]
[Site "Chess.com"]
[Date "2021.03.02"]
[Round "8"]
[White "zurzan"]
[Black "lacafi"]
[Result "0-1"]
[WhiteElo "2053"]
[BlackElo "2166"]
[TimeControl "180+1"]
[EndTime "11:30:04 PST"]
[Termination "lacafi won on time"]

1. f4 f5 2. Nf3 Nf6 3. g3 g6 4. Bg2 Bg7 5. O-O O-O 6. d3 d6 7.
c3 Qe8 8. Qc2 e5 9. e4 fxe4 10.
dxe4 Nc6 11. f5 gxf5 12. exf5 Ng4 13. Nh4 Ne7 14. h3 Nf6 15. Bg5 Qh5 16. Qd2 h6 17. Be3 e4 18. Rf4 d5 19. Na3 c6 20. Bc5 Rf7 21.
Raf1 b6 22. Bd6 Ba6 23. c4 Rd8 24. Be5 Rff8 25. Rd1 Bc8 26. cxd5 cxd5 27. Bxe4 dxe4 28. Qxd8 Rxd8 29. Rxd8+ Kh7 30. Bd6 Ned5 31. Rxc8 Nxf4 32. Bxf4 Qe2 33. Ng2 Nh5 34. Be3 Nxg3 35. Rc1 Nxf5 36. Bf2 e3 37. Be1 Be5 38. Nc2 Qf3 0-1

[Event "*** Titled Tuesday Blitz"]
[Site "Chess.com"]
[Date "2021.03.02"]
[Round "8"]
[White "esapunov"]
[Black "skoularikii"]
[Result "1-0"]
[WhiteElo "2716"]
[BlackElo "2544"]
[TimeControl "180+1"]
[EndTime "11:30:05 PST"]
[Termination "esapunov won by resignation"]

1. c4 c5 2. Nf3 Nf6 3. Nc3 Nc6 4. e3 g6 5. d4 cxd4 6. exd4 d5 7. cxd5 Nxd5 8.
Qb3 Nxc3 9. Bc4 e6 10. bxc3 Bg7 11. Ba3 Na5 12. Bb5+ Bd7 13. Qa4 Bc6 14. O-O a6 15. Bxc6+ Nxc6 16. c4 Qa5 17. Qb3 b5 18. d5 Bxa1 19.
Rxa1 Ne7 20. dxe6 fxe6 21. Re1 Nf5 22. cxb5 O-O-O 23. bxa6 Qxa6 24. Rxe6 Qb7 25. Qc2+ Kb8 26. h3 Rhe8 27. Rxe8 Rxe8 28. Bc1 Re4 29. g3 Qd5 30. Kf1 Rc4 31. Bf4+ Kc8 32. Qb3 Qe4 33. Qb8+ Kd7 34. Ne5+ Ke6 35. Nxc4 Kd5 36. Ne3+ Kd4 37. Qb4+ Kd3 38. Qxe4+ Kxe4 39. Nxf5 gxf5 40. a4 1-0

[Event "*** Titled Tuesday Blitz"]
[Site "Chess.com"]
[Date "2021.03.02"]
[Round "8"]
[White "QuintilianoR"]
[Black "atalz0"]
[Result "1-0"]
[WhiteElo "2691"]
[BlackElo "2463"]
[TimeControl "180+1"]
[EndTime "11:30:06 PST"]
[Termination "QuintilianoR won on time"]

1. d4 d5 2. c4 e6 3. Nc3 a6 4.
cxd5 exd5 5. Bf4 Nf6 6. e3 Bd6 7. Bg5 Be6 8. Bd3 Nbd7 9. f4 Bg4 10. Qc2 Qe7 11. Kf1 h6 12. Nxd5 Qe6 13. Nxf6+ gxf6 14. Bh4 O-O-O 15. Bf2 Qd5 16. h3 Bh5 17. e4 Qa5 18. f5 Rdg8 19. g4 Bxg4 20. hxg4 Rxg4 21. Nf3 Rf4 22. Rh3 Rg8 23. a3 c6 24. b4 Qc7 25.
Re1 Rfg4 26. Ke2 Rg2 27. Kd1 Bg3 28. Re2 Qf4 29. Bxg3 R2xg3 30. Rxg3 Rxg3 31. Ne1 Rg1 32. Qd2 Qg4 33. Qxh6 Kc7 34. Qe3 Nb6 35. Kd2 Na4 36.
Nf3 Rg2 37. e5 Rxe2+ 38. Qxe2 Qf4+ 39. Qe3 Qg3 40. e6 Nb2 41. exf7 Qg2+ 42. Qe2 1-0